AoeStats
← [GDL] Maldito Pantoja

Nomad

503501695Analyzed
4v4 RM · 1mo ago on Sep 1, 2026· 39m 49s· 8 players
Game mode
Random Map
Map size
231×231
Population
200
Speed
Normal
Resources
Standard
Victory
Conquest
Starting age
Dark Age
Ending age
Imperial Age
RankedLock teamsTeams togetherTeam positionsShared explorationLock speedFull tech treeHidden civsTurbo modeCheats
Victory
Defeat
🇺🇸 Chinese · United States
1324
+12
🇨🇴 Dravidians · Colombia
1236
+15
🇺🇸 Bengalis · United States
1222
+16
🇨🇱 Huns · Chile
1220
+16
🇲🇽 Inca · Mexico
1337
-20
🇨🇳 Wei · China
1261
-17
🇨🇱 Cumans · Chile
1181
-13
🇳🇴 Italians · Norway
1117
-10
OXYEHHO
10:02 Loom
12:17 Feudal Age
12:44 Double-Bit Axe
18:31 Forging
22:19 Castle Age
23:15 Medium Warships
23:40 Bow Saw
24:16 Iron Casting
24:20 Town Watch
25:42 Wheelbarrow
28:05 Fletching
34:04 Fishing Lines
35:17 Gillnets
Dusk_
2:59 Loom
14:10 Feudal Age
19:10 Castle Age
17:59 Double-Bit Axe
18:23 Fletching
23:04 Bow Saw
24:15 Fishing Lines
26:47 Gillnets
28:17 Gold Mining
29:02 Stone Mining
30:36 Wheelbarrow
31:21 Ballistics
31:50 Bodkin Arrow
33:31 Thumb Ring
36:15 Imperial Age
34:42 Masonry
35:00 Padded Archer Armor
35:46 Gold Shaft Mining
35:49 Stone Shaft Mining
36:23 Hand Cart
35:54 Town Watch
36:45 Leather Archer Armor
37:15 Bracer
38:38 Conscription
39:22 Chemistry
39:31 Architecture
40:16 Ring Archer Armor
dfarfangomez
9:26 Loom
12:37 Feudal Age
13:03 Double-Bit Axe
16:19 Gold Mining
16:42 Fletching
19:12 Padded Archer Armor
25:36 Wheelbarrow
27:53 Castle Age
27:18 Forging
28:41 Scale Mail Armor
28:46 Horse Collar
29:21 Bow Saw
29:59 Iron Casting
31:03 Bodkin Arrow
32:21 Chain Mail Armor
34:55 Stone Mining
35:13 Squires
36:04 Heavy Plow
35:51 Fishing Lines
38:39 Medical Corps
38:07 Man-at-Arms
38:52 Gillnets
TheroZeuS Biri Biri
3:43 Loom
14:45 Feudal Age
16:40 Wheelbarrow
15:50 Town Watch
16:32 Double-Bit Axe
24:41 Castle Age
23:30 Horse Collar
24:11 Scale Barding Armor
24:18 Forging
24:22 Bloodlines
26:01 Bow Saw
28:22 Husbandry
31:00 Heavy Plow
32:41 Iron Casting
33:42 Gold Mining
33:43 Stone Mining
34:21 Chain Barding Armor
38:47 Imperial Age
36:33 Murder Holes
40:29 Blast Furnace
40:05 Plate Barding Armor
39:02 Cavalier
[GDL] Maldito Pantoja
4:19 Loom
16:04 Feudal Age
17:10 Gold Mining
17:09 Double-Bit Axe
23:04 Castle Age
21:44 Horse Collar
23:17 Forging
23:08 Scale Mail Armor
22:46 Champi Runner
23:35 Champi Warrior
28:04 Squires
36:19 Wheelbarrow
langotriel
8:28 Loom
20:09 Feudal Age
22:33 Double-Bit Axe
25:05 Castle Age
23:17 Horse Collar
23:31 Fishing Lines
26:03 Bow Saw
25:53 Heavy Plow
27:28 Fletching
28:51 Bodkin Arrow
30:44 Padded Archer Armor
31:39 Wheelbarrow
31:18 Town Watch
33:55 Hand Cart
35:40 Leather Archer Armor
Chelowolf
5:08 Loom
14:02 Feudal Age
36:07 Castle Age
因为
7:52 Loom
14:28 Feudal Age
15:31 Fishing Lines
15:48 Gold Mining
15:46 Double-Bit Axe
19:09 Stone Mining
22:00 Castle Age
22:06 Horse Collar
24:55 Bow Saw
26:01 Wheelbarrow
33:45 Gold Shaft Mining
Connection lost

Rejoining the realm…

Still unreachable

The connection could not be restored.

Session expired

The server has moved on; the page needs a fresh start.